 Dungeon Crawl Stone Soup version 0.17-a0-1210-g1e4f09d (webtiles) character file.

6967 kidanger the Reanimator (level 10, -2/75 HPs)
             Began as a Deep Dwarf Necromancer on June 4, 2015.
             Was an Elder of Yredelemnul.
             Slain by a komodo dragon (5 damage)
             ... on level 1 of the Lair of Beasts.
             The game lasted 02:04:15 (11582 turns).

kidanger the Reanimator (Deep Dwarf Necromancer)   Turns: 11582, Time: 02:04:16

Health: -2/75      AC:  9    Str: 11    XL:     10   Next: 81%
Magic:  3/24       EV: 15    Int: 20    God:    Yredelemnul [****..]
Gold:   520        SH:  0    Dex: 13    Spells: 7 memorised, 8 levels left

rFire  . . .     SeeInvis .     k - staff of death
rCold  + . .     Clarity  .     a - +0 robe
rNeg   + . .     SustAt   .     (no shield)
rPois  .         Gourm    .     (no helmet)
rElec  .         Spirit   .     h - +2 cloak
rCorr  .         Warding  .     z - +2 pair of gloves
rMut   .         Stasis   .     y - +0 pair of boots
MR     +....                    (no amulet)
Stlth  ++........               u - ring of protection from fire
                                m - ring of ice

@: non-regenerating, drained, somewhat resistant to hostile enchantments,
unstealthy
A: damage resistance, recharge devices, sense surroundings 2, slow healing 3
a: Device Recharging, Animate Dead, Recall Undead Slaves, Injury Mirror, Drain
Life, Renounce Religion


You were on level 1 of the Lair of Beasts.
You worshipped Yredelemnul.
Yredelemnul was greatly pleased with you.
You were not hungry.

You visited 3 branches of the dungeon, and saw 10 of its levels.
You also visited: Ossuary.

You collected 520 gold pieces.

Inventory:

Hand weapons
 d - a cursed -3 dagger
 g - a +4 rapier
 s - a +3 short sword of freezing
 v - a +1 short sword of venom
 A - a +0 short sword of draining
 E - the cursed +0 dagger of the Hidden Vale {speed, MR+ Str-4 Stlth+}
   (You found it on level 6 of the Dungeon)

   Attacks with this weapon are significantly faster.
   It affects your strength (-4).
   It affects your resistance to hostile enchantments.
   It makes you more stealthy.
   It has a curse placed upon it.
 K - a +1 short sword
Armour
 a - a +0 robe (worn)
 h - a +2 cloak (worn)
 y - a +0 pair of boots (worn)
 z - a +2 pair of gloves (worn)
 L - a +1 robe of magic resistance
Magical staves
 k - an uncursed staff of death (weapon)
Jewellery
 m - a ring of ice (left hand)
 u - a ring of protection from fire (right hand)
 w - an uncursed ring of ice
Magical devices
 c - a wand of heal wounds (3)
 e - a wand of flame (37)
 l - a wand of cold (0)
 F - a wand of flame (21)
 H - a wand of disintegration (8)
Scrolls
 t - 3 scrolls of teleportation
 G - a scroll of acquirement {unknown}
 I - a scroll of identify
Potions
 i - 3 potions of ambrosia
 n - 5 potions of curing
 p - 2 potions of flight
 q - a potion of lignification {unknown}
 r - a potion of agility
 B - a potion of poison {unknown}
 C - a potion of cancellation {unknown}
 J - a potion of heal wounds {unknown}
Books
 b - a book of Necromancy

   Spells                             Type                      Level
   a - Pain                           Necromancy                   1
   b - Animate Skeleton               Necromancy                   1
   c - Vampiric Draining              Necromancy                   3
   d - Regeneration                   Charms/Necromancy            3
   e - Animate Dead                   Necromancy                   4
   f - Control Undead                 Necromancy                   4
 j - a Fen Folio

   Spells                             Type                      Level
   a - Corpse Rot                     Necromancy                   2
   b - Stone Arrow                    Conjuration/Earth            3
   c - Leda's Liquefaction            Hexes/Earth                  4
   d - Summon Forest                  Summoning/Translocation      5
   e - Hydra Form                     Transmutation                6
   f - Summon Hydra                   Summoning                    7
 x - a book of Death

   Spells                             Type                      Level
   a - Corpse Rot                     Necromancy                   2
   b - Sublimation of Blood           Necromancy                   2
   c - Agony                          Necromancy                   5
   d - Dispel Undead                  Necromancy                   5
   e - Excruciating Wounds            Charms/Necromancy            5
   f - Bolt of Draining               Conjuration/Necromancy       5
Comestibles
 f - 4 beef jerkies
 o - 6 bread rations
 D - a royal jelly


   Skills:
 + Level 5.9(5.8) Dodging
 + Level 3.3(3.2) Stealth
 + Level 10.0(9.9) Spellcasting
 + Level 12.2(12.1) Necromancy


You had 8 spell levels left.
You knew the following spells:

 Your Spells              Type           Power        Failure   Level  Hunger
a - Pain                  Necr           ####         1%          1    None
b - Animate Skeleton      Necr           N/A          1%          1    None
c - Vampiric Draining     Necr           ######....   1%          3    None
d - Animate Dead          Necr           N/A          1%          4    ##.....
e - Corpse Rot            Necr           N/A          1%          2    None
f - Dispel Undead         Necr           ######..     1%          5    #####..
g - Agony                 Necr           ######..     1%          5    #####..


Dungeon Overview and Level Annotations

Branches:
Dungeon (8/15)             Temple (1/1) D:5            Lair (1/8) D:8

Altars:
Ashenzari
Cheibriados
Dithmenos
Elyvilon
Fedhas
Gozag
Makhleb
Nemelex Xobeh
Okawaru
Qazlal
Ru
Sif Muna
Trog
Vehumet
Xom
Yredelemnul
The Shining One

Shops:
D:6 (

Annotations:
D:4 kidanger's ghost, average OgBe
D:6 exclusion: statue
Lair:1 asdu's ghost, experienced GrGl


Innate Abilities, Weirdness & Mutations

You are resistant to damage.
You can recharge devices by infusing magical energy.
You passively map the area around you.
You do not heal naturally.


Message History

Asdu's ghost barely misses you.
Your river rat zombie bites the komodo dragon but does no damage.
You swap places.
The komodo dragon bites you!!
* * * LOW HITPOINT WARNING * * *
Asdu's ghost hits your river rat zombie.
Your river rat zombie misses asdu's ghost.
There is an open door, spattered with blood here.
The komodo dragon bites you!!
* * * LOW HITPOINT WARNING * * *
Something hits your river rat zombie!
Use which ability? (? or * to list)
You don't have enough magic at the moment.
Use which ability? (? or * to list)
You fail to use your ability.
The komodo dragon misses you.
Your river rat zombie barely misses something.
Something hits your river rat zombie!
Your river rat zombie is destroyed!
The komodo dragon bites you!
You die...
Your body rises from the dead as a mindless zombie.

#..## ** ##..# ##..##
###..## ###P'.##
#...## #......# #...#
##......# ###..### #
#.......# #......# #
##......#####......#
,
#..$..............+,
,*
#....l@.##.#......#*,
###W###..#####.+###
#.#*##.# ##.#
#.W....# ..#
#.......# #.#
)..._...# *.#*
>.......## ..
,........# + *
........#** ,,


You could see a komodo dragon and asdu's ghost.

Vanquished Creatures
  A komodo dragon (Lair:1)
  3 porcupines
  Prince Ribbit (D:8)
  3 blink frogs (Lair:1)
  2 hungry ghosts (D:7)
  Eustachio (D:5)
  2 hippogriffs (D:7)
  3 yaks (Lair:1)
  A basilisk (D:8)
  Edmund (D:6)
  A water moccasin (Lair:1)
  2 orc warriors (D:7)
  A phantom (D:7)
  A necrophage (D:7)
  2 black bears (D:7)
  2 crocodiles
  3 centaurs
  3 ogres
  4 giant frogs
  A wyvern skeleton (D:7)
  3 killer bees
  4 scorpions
  8 wights (D:7)
  A jelly (D:7)
  A centaur skeleton (D:7)
  5 orc priests (D:7)
  A crimson imp (D:7)
  A hound (D:4)
  3 orc wizards
  Jessica (D:3)
  A gnoll shaman (D:7)
  Terence (D:3)
  6 worker ants
  Natasha (thrice) (D:2)
  2 iguanas
  A hound zombie (D:6)
  2 worker ant zombies
  Robin (D:2)
  7 gnolls
  17 adders
  2 river rats
  2 shadow imps
  2 oozes
  2 adder zombies
  2 adder skeletons (D:7)
  3 worms
  6 giant geckos
  34 orcs
  10 hobgoblins
  9 jackals
  5 quokkas
  3 ball pythons
  17 bats
  6 giant cockroaches
  A giant gecko zombie (D:5)
  6 giant newts
  13 goblins
  22 kobolds
  A quokka zombie (D:5)
  6 rats
259 creatures vanquished.

Vanquished Creatures (collateral kills)
  A blink frog (Lair:1)
  A hippogriff (D:7)
  An ice beast (D:7)
  An orc warrior (D:8)
  An ogre (D:5)
  A crocodile (D:8)
  2 porcupines
  A centaur (D:6)
  A big kobold (D:7)
  A giant frog (D:8)
  A killer bee (D:8)
  2 wights (D:7)
  A crimson imp (D:7)
  2 hounds
  An orc priest (D:8)
  A centaur skeleton (D:8)
  An iguana (D:7)
  An adder (D:2)
  A gnoll (D:3)
  9 river rats
  A shadow imp (D:7)
  An adder skeleton (D:4)
  A worm (D:2)
  A giant gecko (D:1)
  6 orcs
  A hobgoblin (D:2)
  2 jackals (D:3)
  3 goblins (D:2)
  2 kobolds
  A rat (D:1)
  A plant (Lair:1)
51 creatures vanquished.

Vanquished Creatures (others)
  3 flying skulls (D:8)
  A phantom (D:7)
  A giant frog (D:7)
  3 wights
  A bush (D:8)
  4 fungi (D:8)
  4 plants (D:8)
17 creatures vanquished.

Grand Total: 327 creatures vanquished

Notes
Turn   | Place    | Note
--------------------------------------------------------------
     0 | D:1      | kidanger the Deep Dwarf Necromancer began the quest for the Orb.
     0 | D:1      | Reached XP level 1. HP: 15/15 MP: 3/3
     5 | D:1      | Learned a level 1 spell: Animate Skeleton
   435 | D:1      | Reached XP level 2. HP: 22/22 MP: 1/4
   581 | D:1      | Reached skill level 5 in Necromancy
   985 | D:2      | Noticed Natasha
  1101 | D:2      | Reached XP level 3. HP: 21/28 MP: 1/6
  1136 | D:2      | Learned a level 3 spell: Vampiric Draining
  1257 | D:2      | Killed Natasha
  1257 | D:2      | Reached XP level 4. HP: 29/36 MP: 0/8
  1447 | D:2      | Found a shimmering altar of Xom.
  1462 | D:2      | Noticed Natasha
  1517 | D:2      | Killed Natasha
  1777 | D:2      | Noticed Robin
  1864 | D:2      | Killed Robin
  1864 | D:2      | Reached XP level 5. HP: 36/42 MP: 5/9
  1870 | D:2      | Learned a level 4 spell: Animate Dead
  1964 | D:2      | Noticed Natasha
  1966 | D:2      | Killed Natasha
  2090 | D:2      | Your ally Natasha died
  2170 | D:2      | Found a burning altar of Makhleb.
  2171 | D:2      | Found a basalt altar of Yredelemnul.
  2172 | D:2      | Found a sparkling altar of Nemelex Xobeh.
  2175 | D:2      | Became a worshipper of Yredelemnul the Dark
  2178 | D:2      | Found a shadowy altar of Dithmenos.
  2405 | D:3      | Found a glowing golden altar of the Shining One.
  2998 | D:3      | Reached skill level 6 in Necromancy
  3180 | D:3      | Noticed Jessica
  3202 | D:3      | Killed Jessica
  3363 | D:3      | Learned a level 2 spell: Corpse Rot
  3378 | D:3      | Reached XP level 6. HP: 43/49 MP: 0/12
  3442 | D:3      | Noticed Terence
  3457 | D:3      | Killed Terence
  3457 | D:3      | Acquired Yredelemnul's first power
  3496 | D:3      | Your ally Jessica died
  3604 | D:3      | Your ally Terence died
  3653 | D:4      | Noticed kidanger's ghost (average OgBe)
  3705 | D:4      | Found a sand-covered staircase.
  3710 | Ossuary  | Entered an ossuary
  4012 | D:4      | Found a blossoming altar of Fedhas.
  4453 | D:4      | Reached skill level 7 in Necromancy
  4611 | D:4      | Reached XP level 7. HP: 44/55 MP: 4/13
  5001 | D:5      | Entered Level 5 of the Dungeon
  5197 | D:5      | Acquired Yredelemnul's second power
  5336 | D:5      | Noticed Eustachio
  5405 | D:5      | Killed Eustachio
  5405 | D:5      | Reached skill level 5 in Spellcasting
  5627 | D:5      | Learned a level 5 spell: Dispel Undead
  5763 | D:5      | Found a staircase to the Ecumenical Temple.
  5770 | Temple   | Entered the Ecumenical Temple
  6139 | D:6      | Reached skill level 8 in Necromancy
  6139 | D:6      | Reached XP level 8. HP: 56/62 MP: 3/16
  6323 | D:6      | Found a radiant altar of Vehumet.
  6820 | D:6      | Noticed Edmund
  6839 | D:6      | Killed Edmund
  6967 | D:6      | Found Listrual's Weapon Emporium.
  7086 | D:6      | Found a radiant altar of Vehumet.
  7098 | D:6      | Got an iridescent dagger
  7484 | D:7      | Reached skill level 9 in Necromancy
  7690 | D:7      | Gained mutation: You passively map the area around you. [Deep Dwarf growth]
  7690 | D:7      | Reached XP level 9. HP: 32/67 MP: 2/19
  7984 | D:7      | Found a sacrificial altar of Ru.
  8050 | D:7      | Reached skill level 10 in Necromancy
  8354 | D:7      | Acquired Yredelemnul's third power
  8630 | D:7      | Found a stormy altar of Qazlal.
  9358 | D:7      | Reached skill level 5 in Dodging
  9582 | D:7      | Reached skill level 11 in Necromancy
  9609 | D:7      | Received a gift from Yredelemnul
  9659 | D:7      | Reached XP level 10. HP: 64/74 MP: 3/22
 10059 | D:7      | Received a gift from Yredelemnul
 10152 | D:8      | Noticed Prince Ribbit
 10159 | D:8      | Killed Prince Ribbit
 10356 | D:8      | Your ally Prince Ribbit died
 10615 | D:8      | Identified the cursed +0 dagger of the Hidden Vale {speed, MR+ Str-4 Stlth+} (You found it on level 6 of the Dungeon)
 10741 | D:8      | Found a staircase to the Lair.
 10764 | D:8      | Acquired Yredelemnul's fourth power
 10853 | Lair:1   | Entered Level 1 of the Lair of Beasts
 11078 | Lair:1   | Learned a level 5 spell: Agony
 11275 | Lair:1   | Received a gift from Yredelemnul
 11433 | Lair:1   | Reached skill level 12 in Necromancy
 11500 | Lair:1   | Received a gift from Yredelemnul
 11548 | Lair:1   | Found a bloodstained altar of Trog.
 11569 | Lair:1   | Noticed asdu's ghost (experienced GrGl)
 11576 | Lair:1   | Reached skill level 10 in Spellcasting
 11578 | Lair:1   | HP: 3/75 [komodo dragon (16)]
 11582 | Lair:1   | Slain by a komodo dragon

Vault maps used:
D:1:      eino_arrival_tree_alley, kennysheep_decorative_pillar
D:2:      nicolae_overflow_crystal_walls, minitemple, uniq_robin, uniq_natasha
D:3:      lemuel_coloured_pillars_altar, kennysheep_small_spiral,
          minmay_unequal, uniq_terence, uniq_jessica
D:4:      nicolae_overflow_hidden_temple, enter_ossuary_2
D:5:      minmay_temple_entry_nine_rooms, first_bread, uniq_eustachio
D:6:      vehumet_statue, basic_altar, serial_shops, shop, uniq_edmund
D:7:      forest_paths, nicolae_qazlal_eye_of_the_storm, kennysheep_mini,
          mrwooster_statue_mirror, grunt_ogre_cave
D:8:      gammafunk_temple_overflow_pools, minmay_lair_entry_grove,
          nemelex_dance_club_becter, uniq_prince_ribbit1
Temple:   nicolae_temple_great_sept
Lair:1:   basic_altar, grunt_megastairs_2
Ossuary:  minmay_ossuary_two_tombs

Action                   |  1- 3 |  4- 6 |  7- 9 | 10-12 || total
-------------------------+-------+-------+-------+-------++-------
Melee: Unarmed           |       |     1 |       |       ||     1
       Staff             |       |    13 |   149 |    35 ||   197
       Short sword       |       |       |     6 |       ||     6
 Cast: Pain              |    48 |   135 |   205 |    74 ||   462
       Animate Skeleton  |     9 |    15 |    19 |     4 ||    47
       Vampiric Draining |     1 |    22 |    45 |    49 ||   117
       Animate Dead      |       |    10 |    18 |    12 ||    40
       Dispel Undead     |       |       |    24 |     1 ||    25
       Corpse Rot        |       |       |     7 |     1 ||     8
       Agony             |       |       |       |     1 ||     1
Invok: Injury Mirror     |       |       |     1 |       ||     1
       Recall Undead Sla |       |       |     1 |       ||     1
Evoke: Wand              |       |     1 |       |     4 ||     5
  Use: Scroll            |     3 |     6 |     5 |     1 ||    15
       Potion            |       |     3 |     2 |       ||     5
 Stab: Distracted        |       |       |       |     1 ||     1
  Eat: Bread ration      |     1 |       |       |       ||     1
       Chunk             |       |     7 |    10 |     3 ||    20
       Meat ration       |       |     1 |     3 |       ||     4
       Fruit             |       |       |     4 |     1 ||     5
       Beef jerky        |       |       |       |     2 ||     2
